 Dungeon Crawl Stone Soup version 0.31.0-1-g2c135a008e (webtiles) character file.

Game seed: 13720397702871400562

11950 qw the Skirmisher (level 12, -4/80 HPs)
             Began as a Djinni Hunter on Jan 24, 2024.
             Was a Follower of Okawaru.
             Slain by a skeletal warrior
             ... wielding a +0 war axe
              (19 damage)
             ... on level 11 of the Dungeon.
             The game lasted 00:01:19 (12847 turns).

qw the Skirmisher (Djinni Hunter)                  Turns: 12847, Time: 00:01:19

Health: -4/80      AC: 19    Str: 10    XL:     12   Next: 14%
Gold:   290        EV: 27    Int: 11    God:    Okawaru [*.....] SH:  0 Dex: 22

rFire   + + .        a - +1 shortbow (heavy)
rCold   x . .        (shield currently unavailable)
rNeg    . . .        u - +0 acid dragon scales
rPois   inf          p - +2 helmet
rElec   .            y - +0 cloak {rCorr}
rCorr   +            g - +2 pair of gloves
SInv    +            (boots unavailable)
Will    +....        (no amulet)
Stlth   +++          e - +5 ring of evasion
HPRegen 0.33/turn    o - ring of see invisible
MPRegen 0.00/turn

%: clarity, infuse magic (-5 HP)
@: about to teleport, heroic, flying
A: sickness immunity, fire resistance 2, cold vulnerability 1, float, innate
caster, HP casting, extra vitality 1, iridescent scales 1, clarity, frail 1,
sense surroundings 1
a: Renounce Religion, Heroism


You were on level 11 of the Dungeon.
You worshipped Okawaru.
Okawaru was aware of your devotion.
You visited 2 branches of the dungeon, and saw 12 of its levels.
You also visited: Sewer.

You collected 444 gold pieces.
You spent 154 gold pieces at shops.


Innate Abilities, Weirdness & Mutations

You are immune to sickness and miasma.
You are immune to poison.
Your flesh is very heat resistant. (rF++)
You are vulnerable to cold. (rC-)
You float through the air rather than walking.
You learn spells naturally, not from books.
Your magical power is your life essence.
You have superior vitality. (+4 MHP)
You are partially covered in iridescent scales. (AC +2)
You possess an exceptional clarity of mind.
You are frail. (-10% HP)
You passively map a small area around you.


   Skills:
 - Level 9.0(14.0) Fighting
 + Level 11.7(16.7) Ranged Weapons
 - Level 5.0(10.0) Armour
 - Level 9.2(14.2) Dodging
 - Level 0.7(5.7) Stealth
 + Level 0.7 Invocations


You knew the following spells:

 Your Spells              Type           Power      Damage    Failure   Level
a - Kiss of Death         Conj/Necr      0%         2d5       45%         1
b - Blink                 Tloc           0%         N/A       61%         2
c - Mephitic Cloud        Conj/Alch/Air  0%         N/A       83%         3
d - Manifold Assault      Tloc           0%         N/A       99%         4
e - Animate Armour        Summ/Erth      0%         N/A       99%         4
Your spell library was empty.

Inventory:

Hand Weapons
 a - a +1 heavy shortbow (weapon)
Armour
 c - +0 steam dragon scales
 g - a +2 pair of gloves (worn)
 p - a +2 helmet (worn)
 r - a +0 ring mail of fire resistance
 u - +0 acid dragon scales (worn)
 y - a +0 cloak of preservation (worn)
Jewellery
 e - a +5 ring of evasion (left hand)
 o - a ring of see invisible (right hand)
Wands
 b - a wand of charming (17)
 d - a wand of polymorph (5)
 w - a wand of iceblast (10)
 z - a wand of mindburst (21)
Scrolls
 k - a scroll of teleportation
 l - a scroll of brand weapon
Potions
 f - 11 potions of curing
 h - a potion of might
 i - 2 potions of heal wounds
 j - 2 potions of enlightenment
 m - 3 potions of resistance
 q - a potion of berserk rage {unknown}
 s - a potion of cancellation
 t - a potion of ambrosia {unknown}

Dungeon Overview and Level Annotations

Branches:
Dungeon (11/15)            Temple (1/1) D:5           Sewer (visited)
   Lair: D:8-11         Orc: D:9-12

Altars:
Ashenzari
Cheibriados
Dithmenos
Elyvilon
Fedhas
Gozag
Hepliaklqana
Makhleb
Nemelex Xobeh
Okawaru
Qazlal
Ru
Trog
Uskayaw
Wu Jian
Xom
Yredelemnul
Zin
The Shining One

Shops:
D:6 !

Annotations:
D:7 1 runed translucent door, Crazy Yiuf
D:9 1 runed translucent door


Message History

The orc warrior completely misses you.
You shoot an arrow. The arrow hits the two-headed ogre!!
The two-headed ogre is moderately wounded.
The two-headed ogre misses you.
The two-headed ogre hits you with a +0 giant club!
You shoot an arrow. The arrow hits the two-headed ogre.
The two-headed ogre is moderately wounded.
You feel like a meek peon again.
You hear a shout!
You shoot an arrow. The arrow hits the two-headed ogre!!
The two-headed ogre is severely wounded.
The two-headed ogre hits you with a +0 giant club! x2
You shoot an arrow. The arrow hits the two-headed ogre!
The two-headed ogre is almost dead.
The two-headed ogre completely misses you.
The two-headed ogre misses you.
You shoot an arrow. The arrow hits the two-headed ogre!
You kill the two-headed ogre!
Okawaru is honoured by your kill.
You can now gain great but temporary skills.
12842 ||| INVOKING Heroism.
You fail to use your ability.
The skeletal warrior completely misses you.
12843 ||| INVOKING Heroism.
You fail to use your ability.
The skeletal warrior hits you with a +0 war axe.
12844 ||| INVOKING Heroism.
You gain the combat prowess of a mighty hero.
The skeletal warrior completely misses you.
You shoot an arrow. The arrow hits the skeletal warrior!!
The skeletal warrior is moderately damaged.
The orc wizard mumbles some strange words.
The orc wizard flickers and vanishes for a moment.
The skeletal warrior completely misses you.
You shoot an arrow. The arrow hits the skeletal warrior!
The skeletal warrior is heavily damaged.
The skeletal warrior hits you with a +0 war axe!
12847 ||| READING 2 scrolls of teleportation.
As you read the scroll of teleportation, it crumbles to dust.
You feel strangely unstable.
The skeletal warrior hits you with a +0 war axe!!
You die...

, * , ,, ,, , , *
*## ,,* , * ,,
... .... ### ,
}.... #.# *
...})o##.#######
*
.....oz@.......#
}
...}..##.......#,
*
}....*,#.......+
, * , ....
##......#, * ...*
#.......# * ,
,**## ,,
#...<...# , ,,
###'###### ,,
#........#, , *
#........#


You could see a skeletal warrior, an orc warrior and an orc wizard (invisible).

Vanquished Creatures
  Harold (D:10)
  3 two-headed ogres
  3 deep elf pyromancers
  Maurice (D:7)
  2 kobold demonologists (D:8)
  A hornet (D:8)
  Sigmund (D:2)
  A vampire (D:9)
  A wyvern (D:11)
  2 wraiths
  14 yaks
  A steam dragon (D:8)
  2 acid dragons
  A water moccasin (D:8)
  6 orc warriors
  A black bear (D:6)
  3 ice beasts
  An ogre (D:7)
  3 sky beasts
  4 centaurs
  2 brain worms (Sewer)
  4 bullfrogs
  A gnoll sergeant (D:5)
  2 scorpions (D:5)
  5 wights (D:7)
  3 howler monkeys
  2 electric eels (D:8)
  3 orc priests
  4 bombardier beetles
  A gnoll bouda (D:10)
  2 hounds
  2 jellies
  A sleepcap (D:5)
  Ijyb (D:3)
  Jessica (D:2)
  Natasha (thrice) (D:2)
  6 iguanas
  9 orc wizards
  17 gnolls
  9 adders
  5 river rats (Sewer)
  A shadow imp (D:8)
  2 white imps
  2 ufetubi (D:5)
  A dart slug (D:2)
  A ribbon worm (D:5)
  39 orcs
  10 ball pythons
  6 endoplasms
  3 giant cockroaches
  11 goblins
  5 hobgoblins
  4 jackals
  8 kobolds
  2 quokkas
  5 bats
  7 frilled lizards
  10 rats
252 creatures vanquished.

Vanquished Creatures (others)
  An unseen horror (D:11)
1 creature vanquished.

Grand Total: 253 creatures vanquished

Notes
Turn   | Place    | Note
-------+----------+-------------------------------------------
     0 | D:1      | qw the Djinni Hunter began the quest for the Orb.
     0 | D:1      | Reached XP level 1. HP: 18/18 MP: 0/0
     0 | D:1      | 0 ||| qw: Version: 0.3-a-136-gdd3b4e8
     0 | D:1      | 0 ||| qw: Game counter: 1239
     0 | D:1      | 0 ||| qw: Melee chars always use a shield: true
     0 | D:1      | 0 ||| qw: God list: Okawaru
     0 | D:1      | 0 ||| qw: Allow faded altars: false
     0 | D:1      | 0 ||| qw: Do Orc after clearing Dungeon:15 true
     0 | D:1      | 0 ||| qw: Do second Lair branch before Depths: true
     0 | D:1      | 0 ||| qw: Lair rune preference: random
     0 | D:1      | 0 ||| qw: Goals: Normal
     0 | D:1      | 0 ||| PLANNING D:1-11
   167 | D:1      | Reached XP level 2. HP: 23/23 MP: 0/0
   678 | D:1      | 678 ||| UPGRADING to +1 pair of gloves.
   683 | D:1      | 683 ||| UPGRADING to +5 ring of evasion.
   684 | D:1      | 684 ||| READING scroll labelled YMPOCAULU.
   689 | D:1      | 689 ||| READING scroll labelled RUZIWAREEPT.
   689 | D:1      | 689 ||| BRANDING +0 shortbow.
   690 | D:1      | 690 ||| READING scroll labelled QORURA AMMA.
   690 | D:1      | 690 ||| IDENTIFYING golden potion
   691 | D:1      | 691 ||| DRINKING 2 fuming puce potions.
   692 | D:1      | 692 ||| DROPPING scroll of butterflies.
   769 | D:2      | Reached XP level 3. HP: 28/28 MP: 0/0
   769 | D:2      | Learned a level 1 spell: Kiss of Death
   776 | D:2      | Reached skill level 4 in Ranged Weapons
   986 | D:2      | Noticed Sigmund
   990 | D:2      | Killed Sigmund
   991 | D:2      | Reached XP level 4. HP: 38/38 MP: 0/0
   991 | D:2      | Reached XP level 5. HP: 42/42 MP: 0/0
   991 | D:2      | Learned a level 2 spell: Blink
   991 | D:2      | Reached XP level 6. HP: 49/49 MP: 0/0
  1028 | D:2      | Noticed Natasha
  1029 | D:2      | Killed Natasha
  1030 | D:2      | Noticed Jessica
  1032 | D:2      | Killed Jessica
  1033 | D:2      | Reached skill level 3 in Dodging
  1115 | D:2      | Noticed Natasha
  1118 | D:2      | Killed Natasha
  1157 | D:2      | Noticed Natasha
  1163 | D:2      | Killed Natasha
  1295 | D:3      | 1295 ||| PLANNING SEWER
  1313 | D:3      | Noticed Ijyb
  1315 | D:3      | 1315 ||| DRINKING viscous black potion.
  1315 | D:3      | Gained mutation: You passively map a small area around you.
                  | [potion of mutation]
  1315 | D:3      | Gained mutation: Armour fits poorly on your strangely
                  | shaped body. [potion of mutation]
  1315 | D:3      | Gained mutation: You expend health (3 HP) to strengthen
                  | your wands. [potion of mutation]
  1355 | D:3      | Killed Ijyb
  1509 | D:3      | Found a glowing drain.
  1514 | Sewer    | Entered a sewer
  1599 | Sewer    | Reached XP level 7. HP: 53/53 MP: 0/0
  1599 | Sewer    | Learned a level 3 spell: Mephitic Cloud
  1684 | Sewer    | Reached skill level 5 in Ranged Weapons
  1687 | Sewer    | HP: 11/53 [brain worm/psychic fangs (8)]
  1688 | Sewer    | 1688 ||| DRINKING 3 potions of heal wounds.
  1903 | Sewer    | 1903 ||| DRINKING 2 potions of mutation.
  1903 | Sewer    | Lost mutation: You expend health (3 HP) to strengthen your
                  | wands. [potion of mutation]
  1903 | Sewer    | Lost mutation: Armour fits poorly on your strangely shaped
                  | body. [potion of mutation]
  1903 | Sewer    | Lost mutation: You passively map a small area around you.
                  | [potion of mutation]
  1903 | Sewer    | Gained mutation: Your muscles are strong. (Str +4, Int/Dex
                  | -1) [potion of mutation]
  1904 | Sewer    | 1904 ||| DRINKING potion of mutation.
  1904 | Sewer    | Lost mutation: Your muscles are strong. (Str +4, Int/Dex
                  | -1) [potion of mutation]
  1904 | Sewer    | Gained mutation: You are partially covered in iridescent
                  | scales. (AC +2) [potion of mutation]
  1998 | Sewer    | 1998 ||| DRINKING potion of mutation.
  1998 | Sewer    | Lost mutation: You are partially covered in iridescent
                  | scales. (AC +2) [potion of mutation]
  1998 | Sewer    | Gained mutation: You are frail. (-10% HP) [potion of
                  | mutation]
  1998 | Sewer    | Gained mutation: Your health recovers twice as slowly from
                  | being drained. [potion of mutation]
  1998 | Sewer    | Gained mutation: You possess an exceptional clarity of
                  | mind. [potion of mutation]
  1998 | Sewer    | Gained mutation: You have a somewhat thin skeletal
                  | structure. (Dex +2, Stealth+) [potion of mutation]
  2104 | Sewer    | 2104 ||| READING scroll labelled YBEIHECLAE.
  2120 | D:3      | 2120 ||| PLANNING D:1-11
  2516 | D:3      | 2516 ||| UPGRADING to +0 helmet.
  2521 | D:3      | 2521 ||| UPGRADING to +0 ring mail.
  2531 | D:3      | 2531 ||| DROPPING +0 leather armour.
  2532 | D:3      | 2532 ||| UPGRADING to +0 ring mail of fire resistance.
  2542 | D:3      | 2542 ||| DROPPING +0 ring mail.
  2543 | D:3      | 2543 ||| UPGRADING to ring of see invisible.
  2544 | D:3      | 2544 ||| DRINKING 5 sapphire potions.
  2545 | D:3      | 2545 ||| DRINKING 2 white potions.
  2546 | D:3      | 2546 ||| DRINKING 2 blue potions.
  2547 | D:3      | 2547 ||| DROPPING potion of attraction.
  2548 | D:3      | 2548 ||| DROPPING potion of degeneration.
  2951 | D:4      | Reached XP level 8. HP: 52/52 MP: 0/0
  3147 | D:4      | 3147 ||| READING scroll of identify.
  3147 | D:4      | 3147 ||| IDENTIFYING amethyst potion
  3148 | D:4      | 3148 ||| READING 3 scrolls labelled ETE KEROOTUON.
  3148 | D:4      | 3148 ||| ENCHANTING +1 pair of gloves.
  3149 | D:4      | 3149 ||| READING 2 scrolls of enchant armour.
  3149 | D:4      | 3149 ||| ENCHANTING +0 helmet.
  3150 | D:4      | 3150 ||| READING scroll of enchant armour.
  3150 | D:4      | 3150 ||| ENCHANTING +1 helmet.
  3151 | D:4      | 3151 ||| DRINKING 3 bubbling black potions.
  3172 | D:5      | Entered Level 5 of the Dungeon
  3179 | D:5      | Reached skill level 6 in Ranged Weapons
  3302 | D:5      | You are sucked into a shaft and drop 2 floors!
  3323 | D:7      | Reached skill level 7 in Ranged Weapons
  3506 | D:5      | Reached XP level 9. HP: 50/58 MP: 0/0
  3506 | D:5      | Learned a level 4 spell: Manifold Assault
  3675 | D:5      | Found a staircase to the Ecumenical Temple.
  3676 | D:5      | 3676 ||| PLANNING TEMPLE
  3676 | D:5      | 3676 ||| READING scroll labelled KUAJYM EVOIJEI.
  3687 | Temple   | Entered the Ecumenical Temple
  3688 | Temple   | 3688 ||| PLANNING D:1-11
  3795 | D:5      | 3795 ||| RETREEEEATING.
  3799 | D:5      | Reached skill level 8 in Ranged Weapons
  4126 | D:5      | 4126 ||| READING scroll labelled GUITIW WOCVEYC.
  4127 | D:5      | 4127 ||| DRINKING 2 viscous purple potions.
  4250 | D:6      | Found Jaddamn's Distillery.
  4256 | D:6      | 4256 ||| BUYING potion of curing (42 gold).
  4256 | D:6      | Bought a potion of curing for 42 gold pieces
  4256 | D:6      | 4256 ||| BUYING potion of curing (42 gold).
  4256 | D:6      | Bought a potion of curing for 42 gold pieces
  4256 | D:6      | 4256 ||| BUYING potion of enlightenment (70 gold).
  4256 | D:6      | Bought a potion of enlightenment for 70 gold pieces
  4256 | D:6      | 4256 ||| SHOPLISTING potion of heal wounds (70 gold, have
                  | 45).
  4256 | D:6      | 4256 ||| SHOPLISTING potion of might (56 gold, have 45).
  4279 | D:6      | Reached skill level 6 in Fighting
  4811 | D:6      | 4811 ||| READING scroll labelled FIKHED OTIZ.
  5318 | D:7      | Reached skill level 6 in Dodging
  5381 | D:7      | 5381 ||| DRINKING potion of mutation.
  5381 | D:7      | Lost mutation: Your health recovers twice as slowly from
                  | being drained. [potion of mutation]
  5381 | D:7      | Lost mutation: You have a somewhat thin skeletal structure.
                  | (Dex +2, Stealth+) [potion of mutation]
  5381 | D:7      | Gained mutation: You are partially covered in iridescent
                  | scales. (AC +2) [potion of mutation]
  5381 | D:7      | Gained mutation: You passively map a small area around you.
                  | [potion of mutation]
  5718 | D:7      | Noticed Maurice
  5719 | D:7      | 5719 ||| ZAPPING wand of iceblast (11) at -1,-2 (Maurice;
                  | floor).
  5726 | D:7      | Killed Maurice
  5727 | D:7      | Reached skill level 9 in Ranged Weapons
  5913 | D:7      | Found a runed translucent door.
  5914 | D:7      | Noticed Crazy Yiuf
  5917 | D:7      | 5917 ||| UPGRADING to +0 cloak of preservation.
  5922 | D:7      | 5922 ||| READING 2 scrolls of identify.
  5922 | D:7      | 5922 ||| IDENTIFYING fuming dark potion
  5923 | D:7      | 5923 ||| READING scroll of identify.
  5923 | D:7      | 5923 ||| IDENTIFYING inky potion
  5924 | D:7      | 5924 ||| READING scroll labelled ERCHUX UCANITO.
  5924 | D:7      | 5924 ||| ENCHANTING +0 heavy shortbow.
  5925 | D:7      | 5925 ||| READING scroll labelled VECKINOASE.
  5926 | D:7      | 5926 ||| DRINKING 2 purple potions.
  5947 | D:7      | 5947 ||| DROPPING potion of magic.
  5948 | D:7      | 5948 ||| DROPPING potion of lignification.
  6025 | D:8      | 6025 ||| STAIRDANCE
  6030 | D:7      | Reached XP level 10. HP: 60/64 MP: 0/0
  6191 | D:7      | Reached skill level 3 in Armour
  6334 | D:8      | 6334 ||| STAIRDANCE
  6608 | D:8      | 6608 ||| STAIRDANCE
  6861 | D:8      | 6861 ||| STAIRDANCE
  7075 | D:8      | 7075 ||| STAIRDANCE
  7303 | D:8      | 7303 ||| STAIRDANCE
  7493 | D:8      | 7493 ||| STAIRDANCE
  7712 | D:8      | 7712 ||| STAIRDANCE
  7966 | D:8      | 7966 ||| STAIRDANCE
  8152 | D:8      | 8152 ||| STAIRDANCE
  8359 | D:8      | 8359 ||| STAIRDANCE
  8532 | D:8      | 8532 ||| STAIRDANCE
  8702 | D:8      | 8702 ||| STAIRDANCE
  8885 | D:8      | 8885 ||| STAIRDANCE
  9227 | D:8      | Noticed a kobold demonologist
  9233 | D:8      | Killed a kobold demonologist
  9481 | D:8      | Reached skill level 10 in Ranged Weapons
  9493 | D:8      | Noticed a kobold demonologist
  9494 | D:8      | Noticed a deep elf pyromancer
  9495 | D:8      | Noticed a deep elf pyromancer
  9496 | D:8      | 9496 ||| RETREEEEATING.
  9497 | D:8      | 9497 ||| RETREEEEATING.
  9501 | D:8      | Noticed an orange demon
  9501 | D:8      | 9501 ||| RETREEEEATING.
  9502 | D:8      | 9502 ||| RETREEEEATING.
  9503 | D:8      | 9503 ||| RETREEEEATING.
  9504 | D:8      | 9504 ||| RETREEEEATING.
  9510 | D:8      | 9510 ||| RETREEEEATING.
  9511 | D:8      | 9511 ||| RETREEEEATING.
  9512 | D:8      | 9512 ||| RETREEEEATING.
  9513 | D:8      | 9513 ||| RETREEEEATING.
  9514 | D:8      | 9514 ||| RETREEEEATING.
  9515 | D:8      | 9515 ||| RETREEEEATING.
  9516 | D:8      | Noticed a rust devil
  9516 | D:8      | 9516 ||| RETREEEEATING.
  9517 | D:8      | 9517 ||| RETREEEEATING.
  9518 | D:8      | 9518 ||| RETREEEEATING.
  9519 | D:8      | 9519 ||| RETREEEEATING.
  9520 | D:8      | 9520 ||| RETREEEEATING.
  9522 | D:8      | 9522 ||| RETREEEEATING.
  9523 | D:8      | 9523 ||| RETREEEEATING.
  9524 | D:8      | 9524 ||| RETREEEEATING.
  9525 | D:8      | 9525 ||| RETREEEEATING.
  9548 | D:8      | 9548 ||| RETREEEEATING.
  9549 | D:8      | 9549 ||| RETREEEEATING.
  9551 | D:8      | 9551 ||| RETREEEEATING.
  9552 | D:8      | 9552 ||| RETREEEEATING.
  9553 | D:8      | 9553 ||| RETREEEEATING.
  9554 | D:8      | 9554 ||| RETREEEEATING.
  9555 | D:8      | 9555 ||| RETREEEEATING.
  9556 | D:8      | 9556 ||| RETREEEEATING.
  9557 | D:8      | 9557 ||| RETREEEEATING.
  9558 | D:8      | 9558 ||| RETREEEEATING.
  9559 | D:8      | 9559 ||| RETREEEEATING.
  9560 | D:8      | 9560 ||| RETREEEEATING.
  9561 | D:8      | 9561 ||| RETREEEEATING.
  9562 | D:8      | 9562 ||| RETREEEEATING.
  9572 | D:8      | HP: 16/67 [deep elf pyromancer/+2 short sword of venom (1)]
  9573 | D:8      | 9573 ||| READING scroll of teleportation.
  9742 | D:8      | 9742 ||| READING scroll labelled DUOCEPS QIMU.
  9751 | D:9      | Noticed a two-headed ogre
  9763 | D:9      | Killed a two-headed ogre
  9786 | D:9      | 9786 ||| STAIRDANCE
  9906 | D:9      | 9906 ||| STAIRDANCE
 10416 | D:8      | 10416 ||| RETREEEEATING.
 10417 | D:8      | 10417 ||| RETREEEEATING.
 10418 | D:8      | 10418 ||| RETREEEEATING.
 10466 | D:8      | Killed a deep elf pyromancer
 10467 | D:8      | Reached XP level 11. HP: 54/72 MP: 0/0
 10467 | D:8      | Learned a level 4 spell: Animate Armour
 10470 | D:8      | 10470 ||| FLEEEEING.
 10471 | D:8      | 10471 ||| FLEEEEING.
 10474 | D:8      | 10474 ||| RETREEEEATING.
 10487 | D:8      | Noticed a soul eater
 10528 | D:8      | Killed a deep elf pyromancer
 10612 | D:8      | 10612 ||| UPGRADING to +0 steam dragon scales.
 10679 | D:9      | 10679 ||| RETREEEEATING.
 10682 | D:9      | 10682 ||| RETREEEEATING.
 10683 | D:9      | 10683 ||| RETREEEEATING.
 10684 | D:9      | 10684 ||| RETREEEEATING.
 10685 | D:9      | 10685 ||| RETREEEEATING.
 10686 | D:9      | 10686 ||| RETREEEEATING.
 10687 | D:9      | 10687 ||| RETREEEEATING.
 10688 | D:9      | 10688 ||| RETREEEEATING.
 10689 | D:9      | 10689 ||| RETREEEEATING.
 10690 | D:9      | 10690 ||| RETREEEEATING.
 10909 | D:9      | Noticed a two-headed ogre
 10914 | D:9      | Killed a two-headed ogre
 10915 | D:9      | Reached skill level 9 in Dodging
 10937 | D:9      | 10937 ||| RETREEEEATING.
 10938 | D:9      | 10938 ||| RETREEEEATING.
 11028 | D:9      | Found a snail-covered altar of Cheibriados.
 11147 | D:9      | Found a runed translucent door.
 11147 | D:9      | Noticed a deep elf pyromancer
 11149 | D:9      | Killed a deep elf pyromancer
 11310 | D:9      | 11310 ||| UPGRADING to +0 acid dragon scales.
 11356 | D:10     | Entered Level 10 of the Dungeon
 11357 | D:10     | 11357 ||| STAIRDANCE
 11392 | D:9      | Noticed a skeletal warrior
 11431 | D:10     | 11431 ||| STAIRDANCE
 11516 | D:10     | 11516 ||| STAIRDANCE
 11519 | D:9      | Reached skill level 11 in Ranged Weapons
 11991 | D:10     | 11991 ||| RETREEEEATING.
 11993 | D:10     | 11993 ||| RETREEEEATING.
 11997 | D:10     | 11997 ||| RETREEEEATING.
 12013 | D:10     | Reached skill level 9 in Fighting
 12160 | D:10     | Found an iron altar of Okawaru.
 12161 | D:10     | 12161 ||| PLANNING OKAWARU WORSHIP
 12161 | D:10     | 12161 ||| READING scroll labelled OKLYBA NEICW.
 12168 | D:10     | Became a worshipper of Warmaster Okawaru
 12169 | D:10     | 12169 ||| PLANNING D:1-11
 12247 | D:10     | Noticed Harold
 12248 | D:10     | 12248 ||| DRINKING potion of haste.
 12264 | D:10     | Killed Harold
 12264 | D:10     | Reached * piety under Okawaru
 12265 | D:10     | Reached XP level 12. HP: 26/80 MP: 0/0
 12825 | D:11     | Noticed a skeletal warrior
 12827 | D:11     | Noticed a two-headed ogre
 12828 | D:11     | 12828 ||| INVOKING Heroism.
 12829 | D:11     | 12829 ||| INVOKING Heroism.
 12841 | D:11     | Killed a two-headed ogre
 12842 | D:11     | 12842 ||| INVOKING Heroism.
 12843 | D:11     | 12843 ||| INVOKING Heroism.
 12844 | D:11     | 12844 ||| INVOKING Heroism.
 12846 | D:11     | HP: 15/80 [skeletal warrior/+0 war axe (14)]
 12847 | D:11     | 12847 ||| READING 2 scrolls of teleportation.
 12847 | D:11     | Slain by a skeletal warrior

Levels and vault maps discovered:
D:1:      lightli_arrival_lavapool, layout_loops_ring
D:2:      layout_basic, uniq_jessica, uniq_sigmund, uniq_natasha
D:3:      layout_basic, portal_sewer_entry_e, minmay_pentomino_pile, uniq_ijyb
D:4:      layout_cave_pools, nrook_campfire
D:5:      layout_rooms, minmay_temple_entry_butterflies
D:6:      layout_basic, serial_shops, nicolae_square_shop
D:7:      layout_loops_corners, uniq_crazy_yiuf_cottage, uniq_maurice
D:8:      cheibrodos_helix_gallery, layout_gridville, serial_library,
          serial_library_hellmonk_metal_room,
          serial_library_hellmonk_reading_circle,
          serial_library_hellmonk_statue_hall,
          serial_library_hellmonk_narrow_alcove, serial_library_hellmonk_room_b,
          serial_library_hellmonk_h_bend,
          serial_library_regret_index_split_case,
          serial_library_regret_index_double_sided
D:9:      layout_rooms, slow_altar_2, minivault_16, minivault_13
D:10:     layout_loops_corners, mainiacjoe_overflow_alcove_2, uniq_harold
D:11:     kennysheep_ambush_hall, layout_stronghold, erik_orc_2, tso_metal_star
Temple:   mainiacjoe_temple_big_plus

Skill      XL: |  1  2  3  4  5  6  7  8  9 10 11 |
---------------+----------------------------------+-----
Ranged Weapons | 4 5 7 9 10 11 | 11.7
Fighting       | 4 5 6 7 9 |  9.0
Dodging        | 3 4 6 7 9 |  9.2
Armour         | 2 5 |  5.0
Stealth        | |  0.7
Invocations    | |  0.7

Action                     |  1- 3 |  4- 6 |  7- 9 | 10-12 || total
---------------------------+-------+-------+-------+-------++-------
   Fire: Shortbow          |    82 |    57 |   319 |   467 ||   925
 Invoke: Heroism           |       |       |       |     2 ||     2
  Evoke: Wand              |       |       |     1 |       ||     1
    Use: Scroll            |     3 |       |    12 |     4 ||    19
         Potion            |     1 |     1 |    11 |     1 ||    14
 Armour: Leather armour    |    19 |    11 |     8 |       ||    38
         Ring mail         |       |       |    96 |   269 ||   365
         Steam dragon scal |       |       |       |    31 ||    31
         Acid dragon scale |       |       |       |    40 ||    40
  Dodge: Dodged            |    41 |    35 |   232 |   462 ||   770

Table legend:
 A = Non-vault XP
 B = Vault XP
 C = Vault XP percentage of total XP
 D = Non-vault monster count
 E = Vault monster count
 F = Vault count percentage of total count
                 A         B        C        D         E       F
            +---------+---------+-------+---------+---------+-------
      Total |   10924 |    6148 |  36.0 |     205 |      48 |  19.0
            +---------+---------+-------+---------+---------+-------
        D:1 |      27 |       0 |   0.0 |      18 |       0 |   0.0
        D:2 |     110 |     298 |  73.0 |      18 |       3 |  14.3
        D:3 |      62 |      44 |  41.5 |      20 |       5 |  20.0
        D:4 |     180 |       0 |   0.0 |      17 |       0 |   0.0
        D:5 |     873 |       0 |   0.0 |      29 |       0 |   0.0
        D:6 |     541 |       0 |   0.0 |      15 |       0 |   0.0
        D:7 |    1508 |     724 |  32.4 |      25 |       3 |  10.7
        D:8 |    1264 |    1894 |  60.0 |      17 |       4 |  19.0
        D:9 |    4933 |     637 |  11.4 |      27 |       2 |   6.9
       D:10 |    1311 |     852 |  39.4 |      18 |       1 |   5.3
       D:11 |     115 |    1383 |  92.3 |       1 |       5 |  83.3
      Sewer |       0 |     316 | 100.0 |       0 |      25 | 100.0
            +---------+---------+-------+---------+---------+-------
